 Dungeon Crawl Stone Soup version 0.31-a0-819-gf6de2f5ab6 (webtiles) character file.

Game seed: 12146589606137858466

149 Kurtz the Chopper (level 5, -3/36 HPs)
             Began as an Octopode Fighter on Sept 25, 2023.
             Slain by an orc
             ... wielding a +0 trident
              (4 damage)
             ... on level 3 of the Dungeon.
             The game lasted 00:01:12 (1716 turns).

Kurtz the Chopper (Octopode Fighter)                Turns: 1716, Time: 00:01:13

Health: -3/36      AC:  1    Str: 13 (15) XL:     5   Next: 31%
Magic:  5/5        EV: 13    Int: 10 (11) God:
Gold:   80         SH:  4    Dex: 13      Spells: 4/4 levels left

rFire   . . .        a - +0 war axe
rCold   . . .        b - +0 buckler
rNeg    . . .        (helmet restricted)
rPois   .            o - amulet of faith
rElec   .            n - ring of wizardry
rCorr   .            (no ring)
SInv    .            (no ring)
Will    .....        (no ring)
Stlth   ++           (no ring)
HPRegen 0.26/turn    (no ring)
MPRegen 0.09/turn    (no ring)
                     (no ring)

%: faith, wizardry (x1)
@: no status effects
A: almost no armour, amphibious, 8 rings, camouflage 1, gelatinous body 1,
(nimble swimmer 1), tentacles
a: no special abilities


You were on level 3 of the Dungeon.
You visited 1 branch of the dungeon, and saw 3 of its levels.

You collected 80 gold pieces.

Inventory:

Hand Weapons
 a - a +0 war axe (weapon)
Missiles
 h - 4 poisoned darts (quivered)
 l - 4 javelins
Armour
 b - a +0 buckler (worn)
Jewellery
 n - a ring of wizardry (left tentacle)
 o - an amulet of faith (around mantle)
Scrolls
 d - a scroll of torment {unknown}
 f - 5 scrolls of enchant weapon {unknown}
 g - a scroll of poison {unknown}
 i - a scroll of teleportation {unknown}
 j - a scroll of acquirement {unknown}
 k - a scroll of identify {unknown}
 m - a scroll of enchant armour {unknown}
 p - a scroll of immolation {unknown}
Potions
 c - a potion of might
 e - a potion of ambrosia {unknown}
 q - 2 potions of heal wounds


   Skills:
 - Level 3.0 Fighting
 * Level 5.3 Axes
 - Level 3.0 Dodging
 - Level 3.0 Shields


You had 4 spell levels left.
You didn't know any spells.
Your spell library was empty.

Dungeon Overview and Level Annotations

Branches:
Dungeon (3/15)

Altars:


Innate Abilities, Weirdness & Mutations

You cannot wear most types of armour.
You are amphibious.
You can wear up to eight rings at the same time.
Your skin changes colour to match your surroundings (Stealth+).
Your rubbery body absorbs attacks. (AC +1, EV +1)
((You are camouflaged when in or above water. (Stealth+)))
You have tentacles for arms and can constrict up to eight enemies at once.


Message History

Unknown command.
The orc hits you with a +0 hand axe!
There are monsters nearby!
You barely miss the orc.
The orc shouts!
Your grab misses the orc.
You tentacle-slap the orc, but do no damage.
You barely miss the endoplasm.
The orc hits you from afar with a +0 trident!
The orc hits you with a +0 hand axe! The endoplasm freezes you.
You are frozen.
* * * LOW HITPOINT WARNING * * *
You are too injured to fight recklessly!
Unknown command.
The orc attacks as it pursues you! The orc barely misses you.
The orc attacks as it pursues you! The orc hits you with a +0 hand axe.
* * * LOW HITPOINT WARNING * * *
The orc attacks as it pursues you! The orc hits you but does no damage.
The orc attacks as it pursues you! You block the orc's attack.
You slash the endoplasm!
You kill the endoplasm!
The orc barely misses you. The orc attacks as it pursues you!
The orc barely misses you. The orc attacks as it pursues you!
The orc closely misses you. The orc attacks as it pursues you!
The orc hits you from afar with a +0 trident!
* * * LOW HITPOINT WARNING * * *
Found 16 gold pieces.
A quokka comes into view.
The orc attacks as it pursues you! The orc closely misses you.
The orc attacks as it pursues you! You block the orc's attack.
Found a scroll labelled JEJUZI TASISH.
Found a stone staircase leading down.
The orc closely misses you. The orc attacks as it pursues you!
The orc hits you from afar with a +0 trident!
* * * LOW HITPOINT WARNING * * *
The orc attacks as it pursues you!
The orc hits you from afar with a +0 trident.
You die...

#+# #.# #.#
###.## ##....##
####......#
.........#
#...@######.
##..........
###o####### #.#
#.# #.# #.#
#o########
########........#


You could see 2 orcs.

Vanquished Creatures
  2 orc priests (D:3)
  3 adders
  3 worms (D:2)
  7 orcs (D:3)
  7 endoplasms
  A giant cockroach (D:2)
  7 goblins
  A hobgoblin (D:2)
  4 jackals (D:3)
  2 quokkas
  2 ball pythons (D:1)
  A bat (D:1)
  3 frilled lizards
  3 kobolds (D:1)
  5 rats
51 creatures vanquished.

Notes
Turn   | Place    | Note
-------+----------+-------------------------------------------
     0 | D:1      | Kurtz the Octopode Fighter began the quest for the Orb.
     0 | D:1      | Reached XP level 1. HP: 16/16 MP: 1/1
   259 | D:1      | Reached XP level 2. HP: 21/21 MP: 2/2
   383 | D:1      | Reached skill level 3 in Axes
   609 | D:2      | Reached XP level 3. HP: 23/26 MP: 3/3
   986 | D:2      | Reached skill level 4 in Axes
  1110 | D:2      | Reached XP level 4. HP: 20/31 MP: 4/4
  1476 | D:3      | Reached skill level 5 in Axes
  1481 | D:3      | Reached XP level 5. HP: 23/36 MP: 5/5
  1669 | D:3      | Noticed an ogre
  1715 | D:3      | HP: 1/36 [orc/+0 trident (8)]
  1716 | D:3      | Slain by an orc

Illustrated notes

Levels and vault maps discovered:
D:1:      ncdulo_halloftheorcs, layout_basic
D:2:      layout_basic
D:3:      layout_loops_corners

Skill      XL: |  1  2  3  4 |
---------------+-------------+-----
Axes           | 3 4 5 |  5.3
Fighting       | |  3.0
Dodging        | |  3.0
Shields        | |  3.0

Action                     |  1- 3 |  4- 6 || total
---------------------------+-------+-------++-------
  Melee: War axe           |    60 |    36 ||    96
         Tentacles         |    10 |     3 ||    13
         Constrict         |    16 |     8 ||    24
         Punch             |     2 |     1 ||     3
    Use: Potion            |       |     2 ||     2
   Stab: Sleeping          |     2 |     1 ||     3
 Armour: Skin              |    22 |    24 ||    46
  Dodge: Dodged            |    39 |    24 ||    63
  Block: Buckler           |     5 |    11 ||    16

Table legend: (Time is in decaauts)
 A = Elapsed time spent in this place.
 B = Non-inter-level travel time spent in this place.
 C = Inter-level travel time spent in this place.
 D = Time resting spent in this place.
 E = Time spent auto-exploring this place.
 F = Levels seen in this place.
 G = Mean time per level.
                   A        B        C        D        E       F      G
               +--------+--------+--------+--------+--------+-----+--------+
         Total |   1748 |   1697 |     51 |    330 |   1030 |   3 |  582.7 |
       Dungeon |   1748 |   1697 |     51 |    330 |   1030 |   3 |  582.7 |
               +--------+--------+--------+--------+--------+-----+--------+

Top non-repeatable levels by time:
     D:2: 822 daAuts
     D:1: 544 daAuts
     D:3: 381 daAuts
